AoeStats
← 17_Neo_

Arabia

510435463Analyzed
1v1 RM · 1d ago on Oct 1, 2026· 30m 22s· 2 players
Game mode
Random Map
Map size
Tiny (2 player)
Population
200
Speed
Normal
Resources
Standard
Victory
Conquest
Starting age
Dark Age
Ending age
Imperial Age
RankedLock teamsTeams togetherTeam positionsShared explorationLock speedFull tech treeHidden civsTurbo modeCheats
Victory
Defeat
🇨🇴 Maya · Colombia
1749
+23
🇨🇴 Maya · Colombia
1921
-23
Matazombies
0:26 Loom
11:13 Feudal Age
17:24 Castle Age
17:06 Double-Bit Axe
19:30 Fletching
19:52 Crossbowman
25:56 Bodkin Arrow
17_Neo_
0:27 Loom
11:24 Feudal Age
16:22 Castle Age
15:06 Fletching
15:22 Double-Bit Axe
16:26 Crossbowman
18:13 Ballistics
18:00 Horse Collar
19:11 Bodkin Arrow
21:22 Padded Archer Armor
27:37 Town Watch
Connection lost

Rejoining the realm…

Still unreachable

The connection could not be restored.

Session expired

The server has moved on; the page needs a fresh start.